Map: Tropic Shores

Players

Methos

  • Race: Terran Terran
  • League: Silver
  • Spawn Location: 5:00

possumking

  • Race: Protoss Protoss
  • Spawn Location: 5:00

Hazard

  • Race: Terran Terran
  • Spawn Location: 6:00

thanos

  • Race: Protoss Protoss
  • Spawn Location: 6:00

blackTIGER

  • Race: Protoss Protoss
  • Spawn Location: 11:00

Webster

  • Race: Protoss Protoss
  • Spawn Location: 0:00

paul

  • Race: Zerg Zerg
  • League: Silver
  • Spawn Location: 12:00

Infamous

  • Race: Protoss Protoss
  • League: Silver
  • Spawn Location: 12:00

VOD

Have the link to the VOD?

Description

Time

  • Played on: April 4, 2018, 9:39 p.m.
  • Length: 15:54
Show
View Real Time Build Order
Export as new Build Order

Methos Terran 

Build Orders:  

Get SALT Encoding   

  12  0:01  SCV  
  13  0:13  SCV  
  14  0:19  Supply Depot  
  14  0:25  SCV  
  15  0:41  SCV  
  16  0:49  Supply Depot  
  16  0:53  SCV  
  16  0:54  Barracks  
  17  1:11  SCV  
  18  1:14  Engineering Bay  
  18  1:18  Refinery  
  18  1:23  SCV  
  19  1:46  Supply Depot  
  19  1:48  SCV  
  20  1:59  Missile Turret  
  20  2:21  Bunker  
  20  2:26  Barracks Tech Lab  
  20  2:40  Orbital Command  
  20  2:49  Command Center  
  20  2:52  Supply Depot  
  20  2:58  Factory  
  20  2:59  Marine  
  20  3:00  Missile Turret  
  21  3:17  Marine  
  22  3:29  SCV  
  23  3:37  Ghost Academy  
  23  3:43  SCV  
  23  3:46  Refinery  
  24  3:55  SCV  
  25  4:03  Factory Tech Lab  
  25  4:09  Ghost Academy  
  25  4:17  Command Center  
  25  4:40  Ghost Academy  
  25  4:44  Planetary Fortress  
  25  4:49  SCV  
  26  4:55  Missile Turret  
  26  5:08  Ghost  
  26  5:11  Refinery  
  28  5:16  Missile Turret  
  28  5:26  SCV  
  28  5:27  SCV  
  30  5:36  Marine, Missile Turret  
  30  5:39  SCV x2  
  33  5:51  SCV x2  
  33  5:54  Marine  
  33  5:56  Nuke  
  36  5:58  Refinery  
  36  6:13  Personal Cloaking, Marauder  
  38  6:23  Command Center  
  38  6:26  Command Center  
  38  6:32  Armory  
  38  6:33  Marine  
  38  6:36  SCV x3  
  42  6:42  Nuke  
  42  6:48  SCV x3  
  45  7:00  Orbital Command  
  45  7:05  Refinery  
  45  7:06  Refinery  
  45  7:09  SCV  
  45  7:11  SCV  
  46  7:22  Missile Turret  
  46  7:23  Missile Turret  
  46  7:30  Missile Turret  
  46  7:32  Missile Turret  
  46  7:40  Hi-Sec Auto Tracking  
  44  8:00  Terran Vehicle And Ship Armor Level 1  
  44  8:04  Marine  
  45  8:08  Hellion  
  47  8:22  Marine  
  48  8:29  Hellion  
  49  8:41  Marauder  
  51  8:49  SCV x3  
  51  8:50  Thor  
  59  9:01  SCV x3  
  59  9:02  Marauder  
  62  9:13  SCV  
  62  9:14  SCV  
  65  9:23  Marauder  
  64  9:25  SCV  
  64  9:26  SCV  
  66  9:34  Hellion  
  66  9:37  SCV  
  66  9:38  SCV  
  70  9:45  Marauder  
  72  9:50  SCV x2  
  74  9:55  Hellion  
  74  9:56  Nuke  
  68  10:02  SCV x2  
  70  10:11  Orbital Command  
  70  10:16  Hellion  
  71  10:24  Barracks  
  71  10:25  Barracks  
  71  10:26  Barracks x2  
  64  10:28  Refinery  
  64  10:30  Barracks  
  62  10:56  Engineering Bay  
  62  11:00  Engineering Bay  
  60  11:16  Barracks Tech Lab  
  60  11:17  Barracks Reactor x4  
  57  11:55  Missile Turret  
  57  11:57  Missile Turret  
  57  11:58  Missile Turret  
  57  12:00  Missile Turret x2  
  57  12:01  Missile Turret x2  
  57  12:07  Missile Turret  
  56  12:09  Missile Turret  
  56  12:17  Missile Turret  
  56  12:19  Missile Turret  
  56  12:21  Missile Turret  
  56  12:24  Supply Depot  
  56  12:25  Supply Depot  
  56  12:26  Supply Depot x3  
  56  12:27  Supply Depot x2  
  56  12:28  Supply Depot  
  56  12:45  Marine, SCV x2, Ghost  
  56  12:46  Thor  
  56  12:51  Supply Depot  
  67  12:57  SCV x2  
  69  13:03  Marine  
  70  13:09  SCV  
  71  13:16  Terran Infantry Weapons Level 1, Terran Infantry Armor Level 1  
  71  13:19  Marine x3  
  73  13:20  Marine x6  
  73  13:21  Marine  
  81  13:29  Infernal Pre-Igniter, Thor  
  81  13:34  Terran Vehicle And Ship Armor Level 2  
  87  13:37  Marine x4  
  87  13:38  Marine x4  
  79  14:12  Thor  
  85  14:17  Marine x6  
  85  14:18  Marine x4  
  85  14:19  Starport  
  94  14:35  Marine x7, Ghost  
  94  14:36  Marine x2  
  104  14:52  Marine  
  104  14:53  Marine x7  
  104  14:54  Marine, Thor  
  119  15:00  Nuke  
  119  15:04  Marine  
  120  15:10  Marine x2  
Show
View Real Time Build Order
Export as new Build Order

possumking Protoss 

Build Orders:  

Get SALT Encoding   

  12  0:08  Probe (Chrono Boost)  
  13  0:17  Probe (Chrono Boost)  
  14  0:39  Pylon  
  14  0:46  Probe  
  15  0:58  Probe  
  15  1:03  Forge  
  16  1:10  Gateway  
  16  1:31  Nexus  
  16  1:33  Probe  
  17  2:01  Pylon  
  17  2:11  Zealot  
  18  2:32  Photon Cannon  
  18  2:34  Photon Cannon  
  18  2:40  Cybernetics Core  
  18  2:43  Probe (Chrono Boost)  
  19  2:51  Assimilator  
  19  2:54  Probe (Chrono Boost)  
  19  2:56  Assimilator  
  20  2:58  Probe (Chrono Boost)  
  21  3:06  Zealot  
  21  3:09  Probe  
  24  3:20  Pylon  
  24  3:21  Probe  
  24  3:26  Photon Cannon  
  25  3:30  Photon Cannon  
  25  3:33  Zealot  
  27  3:38  Probe (Chrono Boost)  
  29  3:48  Probe (Chrono Boost)  
  29  3:53  Probe (Chrono Boost)  
  30  4:08  Probe x2 (Chrono Boost)  
  32  4:16  Pylon, Assimilator  
  34  4:18  Probe (Chrono Boost)  
  34  4:19  Pylon  
  34  4:20  Probe (Chrono Boost)  
  34  4:23  Probe (Chrono Boost)  
  33  4:34  Probe  
  33  4:38  Assimilator  
  34  4:46  Probe  
  35  4:59  Stargate  
  35  5:02  Stargate  
  35  5:18  Probe  
  36  5:23  Stalker  
  38  5:31  Probe  
  39  5:43  Probe  
  40  5:51  Void Ray x2 (Chrono Boost)  
  40  5:55  Probe  
  49  6:00  Stargate  
  49  6:07  Probe  
  48  6:19  Probe (Chrono Boost)  
  49  6:26  Pylon  
  49  6:28  Probe (Chrono Boost)  
  50  6:33  Probe (Chrono Boost)  
  51  6:44  Void Ray x2  
  57  6:48  Nexus  
  57  6:55  Fleet Beacon  
  57  6:58  Stargate  
  57  7:09  Assimilator  
  57  7:20  Pylon  
  57  7:46  Photon Cannon  
  41  7:59  Void Ray x3 (Chrono Boost)  
  57  8:08  Void Ray (Chrono Boost)  
  55  8:25  Pylon  
  55  8:30  Pylon  
  55  8:40  Gateway  
  55  8:43  Probe  
  56  8:55  Probe  
  57  9:20  Nexus  
  57  9:39  Void Ray x3  
  69  9:49  Pylon  
  69  9:52  Pylon x2  
  69  10:07  Void Ray  
  73  10:16  Cybernetics Core  
  73  10:17  Pylon  
  73  10:29  Carrier x2  
  73  10:30  Carrier  
  91  10:39  Forge  
  91  10:47  Assimilator  
  91  10:56  Protoss Air Armor Level 1  
Show
View Real Time Build Order
Export as new Build Order

Hazard Terran 

Build Orders:  

Get SALT Encoding   

  12  0:02  SCV  
  13  0:18  Supply Depot  
  13  0:20  SCV  
  14  0:32  SCV  
  15  0:44  SCV  
  16  0:50  Barracks  
  16  0:56  SCV  
  17  1:00  Refinery  
  17  1:08  SCV  
  18  1:36  SCV  
  19  1:48  SCV  
  19  1:53  Barracks  
  20  1:54  Refinery  
  20  2:00  SCV  
  20  2:01  Supply Depot  
  21  2:13  SCV  
  22  2:25  SCV  
  23  2:39  Barracks  
  23  2:45  SCV  
  23  2:50  Supply Depot  
  24  2:54  Marine x2  
  24  2:57  SCV  
  27  3:09  SCV  
  27  3:11  Marine  
  27  3:12  Marine  
  30  3:21  SCV  
  31  3:27  Marine, Bunker  
  31  3:29  Marine x2  
  34  3:37  SCV  
  35  3:45  Marine  
  35  3:47  Marine x2  
  38  3:49  SCV  
  39  4:02  Factory  
  39  4:04  Command Center  
  39  4:10  Supply Depot  
  39  4:31  Marine x3  
  39  4:33  Supply Depot  
  39  4:35  SCV  
  39  4:36  Factory  
  43  4:49  Marine, Factory Tech Lab  
  44  4:59  Bunker  
  44  5:07  Marine  
  45  5:16  Engineering Bay  
  43  5:21  Siege Tank  
  39  6:52  Starport  
  39  6:56  Supply Depot  
  39  7:02  Missile Turret  
  39  7:12  Missile Turret  
  39  7:14  SCV  
  40  7:19  Supply Depot  
  40  7:21  Factory Tech Lab  
  40  7:23  Missile Turret, Barracks Reactor x2  
  40  7:24  Barracks Reactor  
  40  7:26  SCV  
  41  7:30  Starport  
  41  7:32  Missile Turret  
  41  7:37  Factory Tech Lab  
  41  7:38  Missile Turret, SCV  
  41  7:41  Supply Depot  
  42  7:45  Missile Turret  
  42  7:46  Refinery  
  42  7:49  SCV  
  42  7:50  SCV  
  44  7:53  Missile Turret  
  44  7:59  Marine, Missile Turret  
  44  8:00  Marine x3  
  44  8:01  SCV  
  44  8:02  Marine, SCV  
  51  8:05  Missile Turret  
  51  8:07  Starport  
  51  8:13  SCV  
  51  8:14  Missile Turret, SCV  
  51  8:19  Missile Turret  
  53  8:25  Siege Tank  
  53  8:26  Siege Tank, SCV x2  
  61  8:38  SCV  
  61  8:39  Missile Turret  
  62  8:41  Missile Turret  
  62  8:55  Planetary Fortress  
  62  8:58  Siege Tank  
  62  8:59  Refinery  
  62  9:02  Missile Turret  
  65  9:05  Starport Tech Lab x2  
  65  9:06  Starport Tech Lab  
  65  9:11  Supply Depot  
  65  9:24  Armory  
  65  9:30  SCV  
  66  9:35  Supply Depot  
  66  9:42  SCV  
  67  9:54  SCV  
  67  9:57  Supply Depot, Starport  
  68  10:06  SCV  
  69  10:13  Fusion Core  
  69  10:37  Starport  
  69  10:57  Starport Tech Lab  
  69  11:04  Supply Depot  
  69  11:14  Missile Turret  
  69  11:20  SCV  
  69  11:24  Starport  
  70  11:27  Supply Depot, Viking x5  
  70  11:32  SCV  
  81  11:36  Missile Turret  
  80  11:44  SCV  
  74  11:52  Supply Depot, Marine x4  
  74  11:53  Marine x2  
  80  11:57  Viking x3  
  80  12:00  Missile Turret  
  74  12:10  Marine x4  
  78  12:15  Supply Depot  
  78  12:20  Missile Turret  
  78  12:27  Starport Tech Lab x2  
  78  12:34  Viking x4  
  86  12:37  Supply Depot  
  86  12:40  Missile Turret  
  86  12:46  Command Center  
  86  13:00  Supply Depot, Missile Turret  
  86  13:04  Viking x4  
  94  13:06  Refinery  
  90  13:23  Supply Depot  
  90  13:27  Siege Tank x2  
  90  13:34  Viking x2  
  98  13:57  Viking x4  
  98  13:59  Siege Tank, Thor  
  98  14:00  Marine x6  
  119  14:04  Viking x2  
  103  14:17  Marine  
  104  14:27  Viking x3  
  104  14:30  Viking  
  112  14:31  Thor  
  118  14:42  Thor  
  122  14:54  Missile Turret  
Show
View Real Time Build Order
Export as new Build Order

thanos Protoss 

Build Orders: Cannon Rush 

Get SALT Encoding   

  12  0:02  Probe  
  13  0:21  Probe, Pylon  
  14  0:40  Forge  
  14  1:00  Pylon  
  14  1:04  Probe (Chrono Boost)  
  15  1:14  Probe (Chrono Boost)  
  16  1:20  Photon Cannon  
  16  1:21  Photon Cannon  
  16  1:30  Photon Cannon  
  16  1:40  Photon Cannon  
  16  1:54  Pylon  
  16  2:13  Photon Cannon  
  16  2:19  Photon Cannon  
  16  2:27  Pylon  
  16  2:39  Pylon  
  16  2:53  Photon Cannon  
  16  2:56  Photon Cannon  
  16  3:11  Photon Cannon  
  16  3:15  Pylon  
  16  3:35  Photon Cannon  
  16  3:38  Photon Cannon  
  16  3:48  Photon Cannon  
  16  3:57  Pylon  
  16  4:07  Photon Cannon  
  16  4:18  Photon Cannon  
  16  4:30  Photon Cannon  
  16  4:36  Pylon  
  16  4:47  Photon Cannon  
  16  5:00  Photon Cannon  
  16  5:09  Photon Cannon  
  16  5:39  Probe  
  16  5:45  Assimilator  
  16  5:49  Assimilator  
  16  5:51  Probe  
  17  6:00  Pylon  
  17  6:04  Probe  
  18  6:05  Pylon  
  18  6:14  Gateway  
  18  6:16  Probe (Chrono Boost)  
  19  6:28  Probe (Chrono Boost)  
  20  6:36  Probe (Chrono Boost)  
  21  6:42  Probe  
  22  6:49  Gateway  
  22  6:54  Probe (Chrono Boost)  
  22  6:55  Gateway  
  23  7:05  Probe (Chrono Boost)  
  24  7:09  Probe (Chrono Boost)  
  24  7:15  Cybernetics Core  
  25  7:24  Gateway  
  25  7:32  Pylon  
  25  7:36  Pylon  
  25  7:40  Zealot  
  25  7:43  Zealot  
  29  8:02  Twilight Council  
  29  8:12  Gateway  
  29  8:17  Gateway  
  29  8:22  Stalker  
  29  8:24  Stalker  
  29  8:26  Warp Gate (Chrono Boost)  
  31  8:37  Protoss Ground Weapons Level 1  
  29  8:41  Stalker  
  31  8:56  Stalker  
  33  9:19  Dark Shrine  
  29  9:58  Stalker  
  31  10:01  Stalker  
  33  10:14  Pylon  
  33  10:18  Pylon  
  33  10:31  Protoss Ground Armor Level 1  
  33  10:33  Dark Templar  
  33  10:34  Dark Templar  
  36  10:50  Dark Templar  
  30  11:28  Nexus  
  30  11:52  Dark Templar  
  30  11:54  Dark Templar  
  34  12:16  Pylon  
  34  12:19  Pylon  
  34  12:26  Charge  
  34  12:35  Dark Templar x3  
  40  12:43  Probe  
  41  12:48  Assimilator  
  41  12:53  Assimilator  
  41  12:55  Probe  
  41  12:57  Photon Cannon  
  41  12:58  Photon Cannon  
  42  13:02  Photon Cannon  
  42  13:07  Probe  
  43  13:19  Probe  
  42  13:26  Photon Cannon  
  42  13:31  Probe  
Show
View Real Time Build Order
Export as new Build Order

blackTIGER Protoss 

Build Orders:  

Get SALT Encoding   

  12  0:06  Probe (Chrono Boost)  
  13  0:28  Probe  
  14  0:36  Pylon  
  14  0:40  Probe  
  15  0:51  Assimilator  
  15  0:54  Probe  
  15  0:56  Gateway  
  16  1:06  Probe (Chrono Boost)  
  16  1:09  Assimilator  
  17  1:17  Probe (Chrono Boost)  
  18  1:22  Probe (Chrono Boost)  
  19  1:32  Probe  
  20  1:44  Probe  
  21  1:56  Probe (Chrono Boost)  
  22  2:05  Cybernetics Core  
  23  2:09  Probe (Chrono Boost)  
  23  2:13  Pylon  
  23  2:24  Probe  
  23  2:36  Probe  
  24  2:43  Stargate  
  24  2:45  Stargate  
  24  2:49  Probe  
  24  2:50  Stargate  
  25  2:52  Pylon  
  25  3:22  Pylon  
  29  3:42  Void Ray (Chrono Boost)  
  29  3:46  Void Ray (Chrono Boost)  
  29  3:49  Nexus  
  33  4:05  Assimilator  
  33  4:08  Void Ray (Chrono Boost)  
  33  4:09  Assimilator  
  29  5:57  Void Ray x3  
  41  6:39  Void Ray  
  41  6:40  Void Ray  
  49  7:06  Void Ray  
  53  7:11  Probe (Chrono Boost)  
  54  8:03  Probe, Void Ray  
  51  8:16  Probe  
  52  8:28  Probe, Pylon  
  52  8:29  Pylon  
  52  8:32  Cybernetics Core  
  52  8:33  Forge  
  53  8:40  Probe, Void Ray x2  
  53  8:41  Void Ray  
  66  8:54  Pylon  
  66  8:55  Pylon  
  62  8:57  Pylon  
  62  9:00  Pylon  
  58  9:05  Protoss Air Weapons Level 1 (Chrono Boost)  
  58  9:10  Pylon  
  58  9:16  Void Ray x2  
  58  9:17  Void Ray  
  58  9:20  Photon Cannon  
  70  9:38  Photon Cannon  
  70  9:51  Void Ray  
  74  10:43  Protoss Air Armor Level 1 (Chrono Boost)  
  74  10:52  Fleet Beacon  
  74  11:06  Void Ray x3  
  54  12:12  Void Ray (Chrono Boost)  
  54  12:13  Void Ray (Chrono Boost)  
  62  12:20  Void Ray (Chrono Boost)  
  62  12:25  Photon Cannon  
  62  12:31  Protoss Air Weapons Level 2 (Chrono Boost)  
  62  12:46  Void Ray (Chrono Boost)  
  66  13:02  Mothership  
  74  13:16  Void Ray  
  43  15:17  Photon Cannon  
  43  15:19  Photon Cannon x3  
  43  15:23  Photon Cannon  
Show
View Real Time Build Order
Export as new Build Order

Webster Protoss 

Build Orders:  

Get SALT Encoding   

  12  0:07  Probe  
  13  0:18  Pylon  
  13  0:23  Assimilator  
  13  0:26  Probe (Chrono Boost)  
  14  0:38  Probe (Chrono Boost)  
  15  0:46  Gateway  
  15  0:58  Probe  
  16  1:11  Probe (Chrono Boost)  
  17  1:20  Probe (Chrono Boost)  
  17  1:25  Probe (Chrono Boost)  
  18  1:28  Assimilator  
  19  1:37  Probe  
  20  1:49  Probe  
  18  2:01  Probe  
  16  2:21  Nexus  
  16  2:29  Pylon  
  16  2:33  Pylon  
  16  3:45  Probe (Chrono Boost)  
  17  4:03  Forge  
  17  4:07  Gateway  
  17  4:52  Photon Cannon  
  17  4:58  Photon Cannon  
  17  5:02  Photon Cannon  
  17  5:08  Photon Cannon  
  17  5:50  Assimilator  
  17  5:54  Probe  
  17  5:55  Assimilator  
  18  6:06  Probe  
  18  6:07  Nexus  
  18  6:11  Assimilator  
  19  6:15  Assimilator  
  20  6:18  Probe  
  20  6:30  Probe  
  21  6:37  Pylon  
  21  6:40  Pylon  
  21  6:42  Probe  
  21  6:47  Pylon  
  22  6:51  Pylon  
  22  6:58  Probe  
  23  7:04  Protoss Shields Level 1  
  23  7:12  Cybernetics Core  
  23  7:18  Probe  
  25  7:22  Probe  
  25  7:31  Probe  
  25  7:34  Probe  
  27  7:43  Probe  
  28  7:47  Probe  
  29  7:52  Stargate  
  29  7:55  Stargate  
  30  7:58  Probe (Chrono Boost)  
  30  7:59  Probe (Chrono Boost)  
  31  8:08  Probe (Chrono Boost)  
  31  8:10  Probe (Chrono Boost)  
  33  8:13  Probe (Chrono Boost)  
  33  8:19  Probe  
  35  8:22  Stargate  
  35  8:25  Probe  
  36  8:31  Probe  
  37  8:38  Stargate  
  37  8:44  Cybernetics Core  
  37  8:56  Probe  
  38  9:06  Probe  
  38  9:08  Probe  
  40  9:18  Probe  
  40  9:20  Probe  
  40  9:21  Protoss Air Weapons Level 1  
  40  9:23  Protoss Air Armor Level 1  
  42  9:29  Stargate  
  42  9:30  Probe  
  43  9:32  Probe  
  44  9:44  Probe  
  45  10:12  Void Ray  
  45  10:13  Void Ray x3  
  61  10:22  Void Ray  
  65  10:33  Nexus  
  65  10:35  Assimilator  
  65  10:40  Assimilator  
  65  10:44  Pylon  
  65  10:46  Pylon  
  65  10:48  Pylon  
  65  10:52  Pylon  
  65  11:14  Pylon  
  49  12:16  Void Ray x4  
  49  12:17  Void Ray  
  69  12:28  Photon Cannon  
  69  12:29  Photon Cannon  
  69  12:32  Photon Cannon  
  69  12:35  Photon Cannon  
  69  12:37  Photon Cannon  
  69  12:40  Photon Cannon  
  69  12:43  Photon Cannon  
  69  12:46  Photon Cannon  
  69  12:48  Photon Cannon  
  69  13:01  Probe  
  70  13:09  Void Ray x4  
  70  13:10  Void Ray  
  90  13:13  Probe  
  91  13:20  Shield Battery  
  91  13:25  Probe  
  92  13:29  Shield Battery  
  92  13:31  Shield Battery  
  92  13:34  Shield Battery  
  92  13:41  Shield Battery  
  92  13:43  Shield Battery  
  92  13:54  Shield Battery  
  92  13:56  Shield Battery  
  92  14:07  Photon Cannon  
  92  14:09  Photon Cannon  
  92  14:21  Probe  
  93  14:27  Pylon  
  93  14:32  Pylon  
  93  14:34  Probe  
  94  14:39  Pylon  
  87  14:46  Probe  
  73  15:23  Photon Cannon  
  89  15:41  Robotics Facility  
Show
View Real Time Build Order
Export as new Build Order

paul Zerg 

Build Orders: Pool First 

Get SALT Encoding   

  12  0:31  Drone x2  
  12  0:34  Overlord  
  14  0:46  Spawning Pool  
  14  0:48  Extractor  
  12  0:50  Drone  
  12  0:55  Drone  
  14  1:06  Drone  
  15  1:16  Drone  
  16  1:33  Queen  
  18  1:42  Zergling x4  
  20  1:50  Zergling x2  
  21  1:56  Metabolic Boost  
  21  2:26  Drone  
  21  2:28  Overlord  
  22  2:33  Extractor  
  21  2:38  Spore Crawler  
  21  2:39  Drone x2  
  22  3:07  Drone  
  22  3:08  Drone x3  
  22  3:09  Roach Warren  
  24  3:34  Overlord  
  24  3:49  Lair  
  24  3:50  Evolution Chamber  
  24  3:52  Roach x3  
  29  4:17  Roach x2  
  29  4:18  Roach x2  
  29  4:22  Overlord  
  37  4:27  Zerg Missile Weapons Level 1  
  37  4:32  Drone  
  37  4:34  Overlord  
  38  4:57  Pneumatized Carapace  
  38  4:58  Baneling Nest  
  37  5:00  Roach x2  
  37  5:01  Roach x3  
  43  5:50  Zergling x2  
  43  5:51  Zergling x10  
  43  5:56  Centrifical Hooks  
  49  6:23  Burrow  
  49  6:26  Drone x3  
  49  6:27  Drone x2  
  54  7:01  Hatchery  
  53  7:11  Zergling x2  
  53  7:13  Overlord x5  
  54  7:30  Spore Crawler  
  53  7:37  Hydralisk Den  
  52  7:50  Baneling x13  
  52  7:51  Baneling  
  52  8:04  Spore Crawler  
  51  8:06  Baneling  
  51  8:07  Baneling  
  51  8:08  Baneling  
  51  8:09  Baneling  
  42  9:11  Overseer  
  42  9:13  Overseer  
  42  9:15  Overseer  
  42  9:21  Zerg Melee Weapons Level 1  
  42  9:24  Drone x2  
  42  9:25  Drone  
  45  9:53  Zergling x8  
  45  9:54  Zergling x12  
  45  9:55  Zergling x2  
  45  9:59  Roach x10  
  56  10:01  Extractor  
  56  10:02  Extractor, Drone x3  
  57  10:15  Tunneling Claws  
  57  10:23  Zergling x6  
  57  10:24  Zergling x4  
  62  10:30  Drone  
  62  10:31  Drone  
  64  10:38  Overlord  
  64  10:58  Zergling x10  
  69  11:06  Drone x3  
  72  11:33  Baneling x2  
  72  11:34  Baneling x20  
  72  11:35  Baneling  
  72  11:55  Baneling  
  72  11:56  Baneling x3  
  72  11:57  Baneling x2  
  72  11:59  Baneling x2  
  72  12:01  Baneling x2  
  72  12:04  Baneling  
  72  12:05  Baneling  
  72  12:06  Baneling  
  72  12:07  Baneling  
  72  12:08  Baneling  
  72  12:09  Baneling  
  72  12:11  Baneling  
  72  12:13  Baneling  
  72  12:15  Baneling  
  72  12:31  Overlord x2  
  72  13:17  Roach x10  
  72  13:23  Zergling x16  
  72  13:24  Zergling x6  
  83  13:35  Hatchery  
  83  13:37  Roach x9  
  65  14:32  Zergling x2  
  65  14:33  Zergling x22  
  65  14:36  Baneling  
  65  14:37  Baneling x15  
  65  14:38  Baneling x6  
  77  15:12  Spore Crawler  
  77  15:13  Drone x3  
  79  15:14  Spore Crawler  
  78  15:32  Overseer  
Show
View Real Time Build Order
Export as new Build Order

Infamous Protoss 

Build Orders:  

Get SALT Encoding   

  12  0:01  Probe  
  13  0:14  Probe  
  13  0:20  Pylon  
  14  0:26  Probe  
  15  0:42  Probe, Gateway  
  16  0:55  Assimilator  
  16  0:56  Probe  
  17  1:13  Pylon  
  17  1:18  Pylon  
  17  1:19  Probe  
  18  1:30  Cybernetics Core  
  18  1:31  Probe  
  18  1:53  Pylon  
  18  1:54  Probe  
  18  1:58  Assimilator  
  18  1:59  Zealot (Chrono Boost)  
  21  2:15  Forge  
  21  2:19  Warp Gate (Chrono Boost)  
  21  2:20  Pylon  
  21  2:25  Probe  
  21  2:28  Stalker  
  24  2:45  Probe  
  25  2:53  Photon Cannon  
  25  2:56  Photon Cannon  
  25  2:57  Probe  
  26  3:11  Probe  
  27  3:18  Robotics Facility  
  27  3:30  Photon Cannon  
  27  3:38  Probe, Photon Cannon  
  28  3:50  Gateway  
  28  3:53  Probe  
  29  4:21  Immortal (Chrono Boost)  
  31  4:34  Probe, Gateway  
  32  4:40  Pylon  
  32  4:46  Sentry  
  32  4:52  Probe  
  35  4:54  Immortal (Chrono Boost)  
  35  4:58  Stalker  
  41  5:10  Stalker  
  41  5:33  Stalker x2  
  43  5:52  Stalker  
  45  6:16  Stalker  
  43  6:19  Zealot  
  43  6:20  Zealot  
  45  6:55  Stalker x3  
  49  7:11  Immortal  
  53  7:26  Nexus  
  53  7:31  Pylon  
  53  7:33  Pylon  
  53  7:35  Pylon  
  53  7:37  Pylon  
  53  7:50  Stalker x3  
  57  8:14  Stalker x3  
  63  8:26  Immortal  
  67  8:28  Probe  
  66  8:46  Photon Cannon  
  66  8:48  Photon Cannon  
  64  8:53  Probe  
  65  8:57  Probe  
  65  9:00  Assimilator  
  66  9:05  Probe, Assimilator  
  66  9:09  Probe  
  66  9:18  Probe  
  66  9:21  Probe  
  68  9:26  Stalker x3  
  66  9:35  Probe x2  
  68  9:55  Stalker x2  
  68  9:56  Stalker  
  74  10:03  Probe  
  74  10:04  Probe  
  76  10:16  Probe  
  76  10:19  Pylon  
  76  10:20  Pylon  
  77  10:25  Gateway  
  77  10:27  Gateway  
  77  10:29  Gateway  
  77  10:38  Twilight Council  
  77  10:46  Immortal (Chrono Boost)  
  81  10:57  Probe  
  81  10:58  Probe  
  81  11:01  Sentry x2  
  81  11:02  Sentry  
  89  11:19  Immortal (Chrono Boost)  
  89  11:20  Robotics Facility  
  77  11:59  Observer (Chrono Boost)  
  72  12:09  Zealot  
  72  12:10  Zealot x4  
  82  12:20  Observer (Chrono Boost)  
  83  12:32  Immortal (Chrono Boost)  
  83  12:36  Probe x2  
  89  12:54  Stalker x4  
  89  12:55  Stalker x2  
  89  12:56  Nexus  
  89  12:58  Pylon  
  101  12:59  Pylon  
  101  13:01  Pylon  
  101  13:03  Pylon  
  98  13:24  Observer x2  
  100  13:33  Sentry x5  
  110  13:34  Stalker  
  88  13:49  Observer (Chrono Boost)  
  88  13:55  Observer (Chrono Boost)  
  80  14:13  Stalker  
  80  14:14  Stalker x2  
  80  14:15  Stalker  
  80  14:16  Stalker  
  90  14:43  Stalker  
  90  14:44  Stalker x5  
  90  15:17  Zealot x5  
  90  15:18  Zealot  
Tags
 
Add a new tag
Caveats
  • Supply blocks, unpowered buildings, or Contaminate may cause inaccurate times.
  • Supply counts are checked every 10 seconds.